 Dungeon Crawl Stone Soup version 0.31.0-12-g77e489cdc1 (webtiles) character file.

Game seed: 18197979130345266485

3169 Rassilon the Covert (level 9, -5/39 HPs)
             Began as a Spriggan Enchanter on Feb 16, 2024.
             Killed from afar by a gargoyle (20 damage)
             ... with a stone arrow
             ... in a bailey.
             The game lasted 00:48:26 (9609 turns).

Rassilon the Covert (Spriggan Enchanter)            Turns: 9609, Time: 00:48:26

Health: -5/39      AC:  3    Str:  6    XL:     9   Next: 63%
Magic:  10/21      EV: 20    Int: 18    God:
Gold:   564        SH:  5    Dex: 22    Spells: 10/23 levels left

rFire   + . .        a - +1 dagger
rCold   . . .        (no shield)
rNeg    . . .        b - +0 robe
rPois   .            (helmet restricted)
rElec   .            l - +0 cloak
rCorr   .            (gloves unavailable)
SInv    +            (boots unavailable)
Will    +....        o - amulet of reflection
Stlth   +++++        t - +6 ring of dexterity
HPRegen 0.26/turn    h - ring of protection from fire
MPRegen 0.17/turn

%: reflection
@: confusing by touch, very quick
A: very small, no large weapons, unfitting armour, see invisible, speed 3
a: no special abilities


You were in a bailey.
You visited 2 branches of the dungeon, and saw 9 of its levels.
You also visited: Bailey.

You collected 564 gold pieces.

Inventory:

Hand Weapons
 a - a +1 dagger (weapon)
Missiles
 u - 3 curare-tipped darts
 v - a throwing net
 y - 19 poisoned darts (quivered)
Armour
 b - a +0 robe (worn)
 l - a +0 cloak (worn)
Jewellery
 e - a ring of willpower
 h - a ring of protection from fire (right hand)
 o - an amulet of reflection (around neck)
 s - an amulet of the acrobat
 t - a +6 ring of dexterity (left hand)
Scrolls
 i - 4 scrolls of teleportation
 j - 2 scrolls of revelation
 k - a scroll of enchant weapon {unknown}
 m - a scroll of immolation
 n - a scroll of identify
 p - 2 scrolls of fear {unknown}
 r - a scroll of poison {unknown}
 w - a scroll of fog {unknown}
 z - a scroll of butterflies {unknown}
Potions
 c - 4 potions of invisibility
 d - 3 potions of berserk rage
 f - a potion of heal wounds {unknown}
 g - 2 potions of resistance
 q - a potion of might
 x - a potion of attraction
 A - 3 potions of curing
 B - 3 potions of enlightenment


   Skills:
 * Level 8.0 Short Blades
 + Level 4.0 Throwing
 - Level 5.0 Dodging
 + Level 10.8 Stealth
 + Level 7.5 Spellcasting
 + Level 7.3 Hexes


You had 10 spell levels left.
You knew the following spells:

 Your Spells              Type           Power      Damage    Failure   Level
a - Ensorcelled Hibernat  Hex/Ice        40%        N/A       3%          2
b - Confusing Touch       Hex            33%        N/A       1%          3
c - Dazzling Flash        Conj/Hex       40%        N/A       7%          3
d - Tukima's Dance        Hex            33%        N/A       1%          3
e - Sting                 Conj/Alch      24%        1d4       11%         1
f - Summon Small Mammal   Summ           24%        N/A       11%         1

Your spell library contained the following spells:

 Spells                   Type           Power      Damage    Failure   Level
 Apportation              Tloc           12%        N/A       11%         1
 Necrotise                Necr           24%        1d5       11%         1
 Dimensional Bullseye     Hex/Tloc       10%        N/A       22%         4
 Iskenderun's Mystic Bla  Conj/Tloc      6%         2d4       71%         4


Dungeon Overview and Level Annotations

Branches:
Dungeon (8/15)             Temple (1/1) D:5          Bailey (1/1)
   Lair: D:8-11

Altars:
Ashenzari
Cheibriados
Dithmenos
Elyvilon
Fedhas
Gozag
Hepliaklqana
Makhleb
Nemelex Xobeh
Okawaru
Qazlal
Sif Muna
Trog
Uskayaw
Vehumet
Wu Jian
Xom
Zin
The Shining One

Shops:
D:3 :


Innate Abilities, Weirdness & Mutations

You are very small and have problems with some larger weapons.
You are too small for most types of armour.
You have supernaturally acute eyesight. (SInv)
You cover ground extremely quickly. (Speed+++)


Message History

Your hands begin to glow red.
You hit the orc warrior zombie but do no damage.
The orc warrior zombie barely misses you.
You hit the orc zombie but do no damage.
The orc zombie appears confused.
The orc zombie completely misses you.
You strike the helpless orc zombie from behind!
You stick the orc zombie like a pincushion!!!
You destroy the orc zombie!
The orc warrior zombie hits you but does no damage.
Casting: Confusing Touch (safe; 1% risk of failure)
Confirm with . or Enter, or press ? or * to list all spells.
Your hands begin to glow red.
You hit the orc warrior zombie but do no damage.
The orc warrior zombie appears confused.
You hit the orc warrior zombie.
The orc warrior zombie is lightly damaged.
You barely miss the orc warrior zombie.
The orc warrior zombie is lightly damaged.
You barely miss the orc warrior zombie.
The orc warrior zombie is lightly damaged.
You hit the orc warrior zombie.
The orc warrior zombie is moderately damaged.
The orc warrior zombie closely misses you.
You strike the helpless orc warrior zombie from behind!
You perforate the orc warrior zombie like a sieve!!!
You destroy the orc warrior zombie!
You start resting.
A gargoyle is nearby!
Casting: Confusing Touch (safe; 1% risk of failure)
Confirm with . or Enter, or press ? or * to list all spells.
Your hands begin to glow red.
The gargoyle hurls a stone arrow at you.
The stone arrow hits you!! The gargoyle barely misses you.
You hit the gargoyle but do no damage.
The gargoyle is lightly damaged.
The gargoyle hurls a stone arrow at you.
The stone arrow hits you!!
Ouch! That really hurt!
You die...

#........# ###......###
##..........##
#....#..#....# ♣♣♣♣♣♣♣
≈≈≈≈≈≈#..#≈≈≈≈≈≈≈≈≈≈≈≈≈♣
≈≈≈≈≈≈#..#≈≈≈≈≈≈≈≈≈≈≈≈
♣♣#####..#..........
#...#..########9#
#...#).##.....@.#
#...#..##.......#
#...#..##'#####+#
#...#..#........##
#................#
#........♣.......#
###....♣.........##
+...............#
#.......♣.......#


You could see a gargoyle.

Vanquished Creatures
  A wyvern (D:8)
  A dancing weapon (D:7)
  A sky beast (D:5)
  2 ice beasts (D:7)
  An ogre (D:5)
  A centaur (D:5)
  3 phantoms (D:6)
  4 kobold brigands
  2 bullfrogs
  2 scorpions (D:6)
  7 wights (D:7)
  3 killer bees (D:6)
  A howler monkey (D:3)
  4 hounds
  8 orc priests
  A jelly (D:7)
  Terence (D:2)
  A sleepcap (D:6)
  5 iguanas
  6 orc wizards
  28 gnolls
  5 adders
  A white imp (D:8)
  2 ufetubi (D:5)
  2 dart slugs
  22 orcs
  7 bats
  8 endoplasms
  2 giant cockroaches (D:1)
  5 goblins
  9 hobgoblins
  13 jackals
  19 kobolds
  3 quokkas
  11 ball pythons
  5 frilled lizards
  9 orc zombies (Bailey)
  8 rats
214 creatures vanquished.

Vanquished Creatures (collateral kills)
  A wight (D:7)
  A gnoll (D:3)
  4 orcs (D:7)
  2 goblins (D:8)
  An orc zombie (Bailey)
9 creatures vanquished.

Vanquished Creatures (others)
  4 dancing weapons
4 creatures vanquished.

Grand Total: 227 creatures vanquished

Notes
Turn   | Place    | Note
-------+----------+-------------------------------------------
     0 | D:1      | Rassilon the Spriggan Enchanter began the quest for the
                  | Orb.
     0 | D:1      | Reached XP level 1. HP: 9/9 MP: 5/5
   140 | D:1      | Reached XP level 2. HP: 9/13 MP: 6/6
   591 | D:1      | Reached XP level 3. HP: 13/16 MP: 8/8
   718 | D:1      | Learned a level 2 spell: Ensorcelled Hibernation
   722 | D:1      | Learned a level 3 spell: Confusing Touch
   726 | D:1      | Learned a level 3 spell: Dazzling Flash
   953 | D:2      | Noticed Terence
   973 | D:2      | Killed Terence
   974 | D:2      | Reached skill level 5 in Stealth
  1039 | D:2      | Reached XP level 4. HP: 21/21 MP: 7/10
  1896 | D:3      | Found Gapeve's Vocational Training.
  2293 | D:3      | Reached XP level 5. HP: 24/24 MP: 8/11
  2552 | D:3      | You fall into a shaft and drop 1 floor!
  2884 | D:3      | Reached skill level 6 in Stealth
  2951 | D:3      | Reached XP level 6. HP: 28/28 MP: 1/13
  3090 | D:3      | Identified the +5 quarterstaff of the Cursing Gods {speed,
                  | Fly rCorr Dex-2}
  3728 | D:3      | Reached skill level 5 in Short Blades
  3728 | D:3      | Reached skill level 5 in Dodging
  4129 | D:3      | Reached skill level 7 in Stealth
  4157 | D:3      | Reached XP level 7. HP: 20/32 MP: 2/14
  4207 | D:3      | Learned a level 3 spell: Tukima's Dance
  4209 | D:3      | Learned a level 1 spell: Sting
  4211 | D:3      | Learned a level 1 spell: Summon Small Mammal
  4915 | D:4      | Found a glowing silver altar of Zin.
  4936 | D:4      | Found a bloodstained altar of Trog.
  4948 | D:4      | Found an ornate altar of the Wu Jian Council.
  5274 | D:5      | Entered Level 5 of the Dungeon
  5412 | D:5      | Found a staircase to the Ecumenical Temple.
  5425 | Temple   | Entered the Ecumenical Temple
  6415 | D:6      | Reached skill level 8 in Stealth
  6415 | D:6      | Reached skill level 5 in Spellcasting
  6415 | D:6      | Reached XP level 8. HP: 36/36 MP: 12/16
  6521 | D:6      | Found a radiant altar of Vehumet.
  6578 | D:6      | Reached skill level 5 in Hexes
  6991 | D:6      | Reached skill level 1 in Throwing
  7013 | D:6      | Reached skill level 9 in Stealth
  7148 | D:6      | Found a glowing golden altar of the Shining One.
  7447 | D:6      | Identified the +10 chain mail "Limiu" {Stlth+}
  7528 | D:7      | Reached XP level 9. HP: 39/39 MP: 16/19
  8505 | D:7      | Reached skill level 10 in Stealth
  9343 | D:8      | Found a flagged portal.
  9358 | Bailey   | Entered a bailey
  9485 | Bailey   | Noticed a gargoyle
  9609 | Bailey   | Killed from afar by a gargoyle

Illustrated notes

Levels and vault maps discovered:
D:1:      wander_arrival_desolate, layout_basic, dreamdust_wishing_well,
          minivault_4
D:2:      layout_loops_ring, minmay_misc_feat_four_crosses,
          chequers_serial_rivers_large_a, uniq_terence
D:3:      lemuel_castle_with_subvaults [lemuel_castle_interior_original],
          layout_rooms, minmay_misc_feat_more_columns, nicolae_shop_vocational
D:4:      layout_loops_ring, mainiacjoe_overflow_cross_hatched,
          chequers_temple_overflow_statue_of_worship, fountainhead,
          minmay_misc_feat_diagonals
D:5:      layout_loops_corners, minmay_temple_entry_waves, minmay_holes,
          kennysheep_cross_bottleneck
D:6:      layout_cave_pools, lemuel_tele_altar, vehumet_crystals,
          hangedman_abyss_or_decor_stagger, minmay_misc_feat_rugged
D:7:      layout_loops_cross
D:8:      layout_basic, enter_bailey_5, kennysheep_big_empty_room, uniq_joseph
Temple:   compressed_dpeg_circular_temple
Bailey:   bailey_polearm_vampire_castle_hellmonk, bailey

Skill      XL: |  1  2  3  4  5  6  7  8  9 |
---------------+----------------------------+-----
Dodging        | 3 4 5 |  5.0
Spellcasting   | 3 4 5 6 7 |  7.5
Short Blades   | 2 3 4 5 6 8 |  8.0
Stealth        | 5 6 7 8 9 10 | 10.8
Hexes          | 4 6 7 |  7.3
Throwing       | 2 4 |  4.0

Action                     |  1- 3 |  4- 6 |  7- 9 || total
---------------------------+-------+-------+-------++-------
  Melee: Dagger            |   145 |   235 |   333 ||   713
         Punch             |     2 |     2 |     6 ||    10
  Throw: Dart              |       |       |     4 ||     4
   Cast: Ensorcelled Hiber |     3 |    71 |    59 ||   133
         Confusing Touch   |       |     3 |    30 ||    33
         Tukima's Dance    |       |       |    22 ||    22
         Dazzling Flash    |       |       |     5 ||     5
    Use: Scroll            |       |       |    12 ||    12
   Stab: Sleeping          |    13 |    28 |    58 ||    99
         Confused          |       |     2 |    21 ||    23
         Distracted        |       |     1 |     2 ||     3
         Invisible         |       |       |     5 ||     5
 Armour: Robe              |    37 |    71 |    61 ||   169
  Dodge: Dodged            |    95 |   174 |   175 ||   444
  Block: Other             |       |    51 |    43 ||    94
         Reflection        |       |     1 |       ||     1
